 Dungeon Crawl Stone Soup version 0.28-a0-983-g1de4e0787c (webtiles) character file.

Game seed: 7046618487093249235

6086 kae the Severer (level 10, -5/77 HPs)
             Began as a Hill Orc Fighter on Dec 2, 2021.
             Was a Believer of Qazlal.
             Slain by a skeletal warrior (12 damage)
             ... on level 7 of the Dungeon.
             The game lasted 00:08:05 (9597 turns).

kae the Severer (Hill Orc Fighter)                  Turns: 9597, Time: 00:08:06

Health: -5/77      AC: 11    Str: 24    XL:     10   Next: 88%
Magic:  17/17      EV:  8    Int:  8    God:    Qazlal [**....]
Gold:   291        SH:  7    Dex: 10    Spells: 9/9 levels left

rFire   . . .      SeeInvis .   a - +3 war axe (vamp)
rCold   . . .      Faith    .   c - +0 buckler
rNeg    . . .      Spirit   .   f - +0 chain mail
rPois   +          Reflect  .   h - +2 hat
rElec   .          Harm     .   (no cloak)
rCorr   .          Rampage  .   (no gloves)
Will    .....                   (no boots)
Stlth   ..........              (no amulet)
HPRegen 0.22/turn               t - +4 ring of slaying
MPRegen 0.15/turn               u - ring of poison resistance

@: no status effects
A: no striking features
a: Renounce Religion, Upheaval


You were on level 7 of the Dungeon.
You worshipped Qazlal.
Qazlal was pleased with you.
You visited 2 branches of the dungeon, and saw 9 of its levels.
You also visited: Ossuary.

You collected 291 gold pieces.

Inventory:

Hand Weapons
 a - a +3 vampiric war axe (weapon)
 r - a +5 vorpal broad axe
Missiles
 C - a throwing net (quivered)
Armour
 c - a +0 buckler (worn)
 f - a +0 chain mail (worn)
 h - a +2 hat (worn)
Jewellery
 l - a ring of ice
 m - a ring of magical power
 t - a +4 ring of slaying (left hand)
 u - a ring of poison resistance (right hand)
 v - a ring of ice
Wands
 p - a wand of flame (10)
 y - a wand of acid (11)
 A - a wand of iceblast (9)
Scrolls
 j - a scroll of fog
Potions
 b - 3 potions of brilliance
 d - 3 potions of might
 e - 2 potions of heal wounds
 g - a potion of curing
 i - a potion of haste
 k - 2 potions of attraction
 n - 2 potions of berserk rage {unknown}
 o - 3 potions of degeneration {unknown}
 q - 3 potions of lignification {unknown}
 x - 3 potions of cancellation {unknown}
 z - a potion of ambrosia {unknown}


   Skills:
 - Level 3.6 Fighting
 - Level 18.0 Axes
 - Level 3.2 Armour
 - Level 3.2 Shields
 + Level 9.9 Invocations


You had 9 spell levels left.
You didn't know any spells.
Your spell library contained the following spells:

 Spells                   Type           Power      Damage    Failure   Level
 Magic Dart               Conj           0%         1d3       98%         1
 Pain                     Necr           0%         1d4       98%         1
 Slow                     Hex            0%         N/A       98%         1
 Sting                    Tmut/Pois      0%         1d3       98%         1
 Call Imp                 Summ           0%         N/A       99%         2
 Poisonous Vapours        Pois/Air       0%         N/A       99%         2
 Confusing Touch          Hex            0%         N/A       100%        3
 Gell's Gravitas          Tloc           0%         N/A       100%        3
 Lesser Beckoning         Tloc           0%         N/A       100%        3
 Mephitic Cloud           Conj/Pois/Air  0%         N/A       100%        3
 Teleport Other           Tloc           0%         N/A       100%        3
 Vampiric Draining        Necr           0%         2d6       100%        3
 Olgreb's Toxic Radiance  Pois           0%         N/A       100%        4
 Agony                    Necr           0%         N/A       100%        5
 Excruciating Wounds      Necr           0%         N/A       100%        5


Dungeon Overview and Level Annotations

Branches:
Dungeon (8/15)             Temple (1/1) D:5         Ossuary (visited)
   Lair: D:8-11

Altars:
Ashenzari
Cheibriados
Dithmenos
Elyvilon
Fedhas
Gozag
Hepliaklqana
Kikubaaqudgha
Makhleb
Nemelex Xobeh
Okawaru
Qazlal
Ru
Sif Muna
Trog
Uskayaw
Vehumet
Xom
Yredelemnul
Zin
The Shining One
Beogh

Shops:
D:6 **   D:7 *

Annotations:
D:4 2 transporters, Tenar's ghost, amateur DsEE


Message History

The skeletal warrior is severely damaged.
The skeletal warrior hits you with a +0 broad axe!!
You are too injured to fight recklessly!
You are too injured to fight recklessly!
You are too injured to fight recklessly!
You are too injured to fight recklessly!
You are too injured to fight recklessly!
You are too injured to fight recklessly!
You are too injured to fight recklessly!
You are too injured to fight recklessly!
You are too injured to fight recklessly!
You are too injured to fight recklessly!
You are too injured to fight recklessly!
You are too injured to fight recklessly!
You are too injured to fight recklessly!
You are too injured to fight recklessly!
You are too injured to fight recklessly!
You are too injured to fight recklessly!
You are too injured to fight recklessly!
You are too injured to fight recklessly!
You are too injured to fight recklessly!
You are too injured to fight recklessly!
You are too injured to fight recklessly!
You are too injured to fight recklessly!
You are too injured to fight recklessly!
You are too injured to fight recklessly!
You are too injured to fight recklessly!
You hit the skeletal warrior but do no damage.
The skeletal warrior is severely damaged.
The skeletal warrior closely misses you.
You hit the skeletal warrior but do no damage.
The skeletal warrior is severely damaged.
You barely miss the skeletal warrior.
The skeletal warrior is severely damaged.
The skeletal warrior hits you with a +0 broad axe!!
* * * LOW HITPOINT WARNING * * *
You hit the skeletal warrior but do no damage.
The skeletal warrior is severely damaged.
The skeletal warrior hits you with a +0 broad axe!
You die...

..>.###########.#....##..#
##### ##...#..##...##
#.....#.#.###.## #.....#..##
##.## #..##...## ##.#
#>#####.# #.# #.# #.## ##.#
#.######<## ##.## #
#...@z....###.##
###################......##
.##............# #...####
#..............####....######
.##.##########.#............#
###.# #.#.##....####.# # #.#
#.†.##.#### #^# #.#
######...##.# #.# #.#
#...........# #.#


You could see a skeletal warrior.

Vanquished Creatures
  The ghost of VincentAMV the Cleaver, a novice GrFi of the Shining One (D:6)
  Pikel (D:5)
  A troll (D:6)
  5 yaks (D:5)
  Grum (D:8)
  A steam dragon (D:7)
  2 water moccasins
  4 ice beasts
  3 orc warriors
  5 ogres
  3 wolves (D:8)
  4 centaurs (D:8)
  A phantom (D:6)
  3 elf zombies (Ossuary)
  2 kobold brigands (D:6)
  4 lemures (D:5)
  A scorpion (D:5)
  2 water moccasin skeletons
  7 killer bees (D:8)
  4 howler monkeys
  2 centaur zombies
  3 bullfrog skeletons
  2 centaur skeletons
  4 orc priests
  4 hounds
  A gnoll shaman (D:7)
  An iguana (D:7)
  Terence (D:3)
  9 orc wizards
  A killer bee zombie (D:7)
  2 hound zombies (D:5)
  2 mummies (Ossuary)
  A howler monkey skeleton (D:6)
  8 gnolls
  7 adders
  2 shadow imps
  A white imp (D:5)
  An adder skeleton (D:4)
  2 worms (D:2)
  3 dart slugs
  15 orcs
  3 bats
  5 endoplasms
  2 giant cockroaches
  9 goblins
  5 hobgoblins
  A jackal (D:4)
  5 quokkas
  8 ball pythons
  3 frilled lizards
  A goblin zombie (Ossuary)
  13 hobgoblin zombies (Ossuary)
  2 jackal zombies (Ossuary)
  12 kobolds
  12 kobold zombies (Ossuary)
  3 orc zombies (Ossuary)
  5 rats
  3 rat zombies (Ossuary)
219 creatures vanquished.

Vanquished Creatures (others)
  A plant (D:6)
  2 withered plants (D:6)
3 creatures vanquished.

Grand Total: 222 creatures vanquished

Notes
Turn   | Place    | Note
-------+----------+-------------------------------------------
     0 | D:1      | kae the Hill Orc Fighter began the quest for the Orb.
     0 | D:1      | Reached XP level 1. HP: 19/19 MP: 1/1
   141 | D:1      | Reached skill level 3 in Axes
   333 | D:1      | Reached XP level 2. HP: 23/26 MP: 2/2
   607 | D:1      | Reached skill level 4 in Axes
   782 | D:1      | Reached XP level 3. HP: 22/31 MP: 3/3
  1558 | D:2      | Reached skill level 5 in Axes
  2320 | D:3      | Noticed Terence
  2326 | D:3      | Killed Terence
  2327 | D:3      | Reached XP level 4. HP: 27/39 MP: 4/4
  2418 | D:3      | Found a sparkling altar of Nemelex Xobeh.
  2470 | D:3      | Reached skill level 6 in Axes
  2509 | D:3      | Reached XP level 5. HP: 45/45 MP: 5/5
  2585 | D:3      | Found a faded altar of an unknown god.
  2620 | D:3      | Found an opulent altar of Gozag.
  2685 | D:3      | Found a glowing golden altar of the Shining One.
  2687 | D:3      | Reached skill level 7 in Axes
  3122 | D:4      | Noticed an ogre
  3234 | D:4      | Reached skill level 8 in Axes
  3238 | D:4      | Reached XP level 6. HP: 51/51 MP: 6/6
  3255 | D:4      | Found a transporter.
  3523 | D:4      | Found a transporter.
  3526 | D:4      | Noticed Tenar's ghost (amateur DsEE)
  3759 | D:4      | Found a roughly hewn altar of Beogh.
  3768 | D:4      | Reached skill level 9 in Axes
  4001 | D:5      | Entered Level 5 of the Dungeon
  4001 | D:5      | Noticed a yak
  4001 | D:5      | Noticed a yak
  4001 | D:5      | Noticed a yak
  4001 | D:5      | Noticed a yak
  4002 | D:5      | Noticed a yak
  4130 | D:5      | Found a sand-covered staircase.
  4135 | Ossuary  | Entered an ossuary
  4300 | Ossuary  | Reached XP level 7. HP: 24/57 MP: 7/7
  4507 | Ossuary  | Reached skill level 10 in Axes
  4656 | D:5      | Reached skill level 11 in Axes
  4750 | D:5      | Killed a yak
  4751 | D:5      | Reached XP level 8. HP: 59/64 MP: 8/8
  4763 | D:5      | Killed a yak
  4764 | D:5      | Reached skill level 12 in Axes
  4767 | D:5      | Killed a yak
  4773 | D:5      | Killed a yak
  4774 | D:5      | Reached skill level 13 in Axes
  4789 | D:5      | Killed a yak
  4828 | D:5      | Found a staircase to the Ecumenical Temple.
  4849 | Temple   | Entered the Ecumenical Temple
  5075 | Temple   | Became a worshipper of Qazlal Stormbringer
  5111 | D:5      | Noticed Pikel
  5169 | D:5      | Killed Pikel
  5170 | D:5      | Reached skill level 15 in Axes
  5170 | D:5      | Reached XP level 9. HP: 42/70 MP: 9/9
  5368 | D:5      | Found a white marble altar of Elyvilon.
  5510 | D:5      | Found a broken altar of Ashenzari.
  5622 | D:5      | Found a glowing silver altar of Zin.
  5866 | D:5      | Found a shimmering blue altar of Sif Muna.
  5930 | D:5      | Identified a scroll of acquirement
  5930 | D:5      | Acquired a +5 vorpal broad axe
  5989 | D:6      | Noticed a troll
  6002 | D:6      | Killed a troll
  6003 | D:6      | Reached skill level 16 in Axes
  6037 | D:6      | Reached skill level 1 in Invocations
  6298 | D:6      | Reached * piety under Qazlal
  6564 | D:6      | Found a faded altar of an unknown god.
  6564 | D:6      | Found a faded altar of an unknown god.
  6564 | D:6      | Found a hazy altar of Hepliaklqana.
  6576 | D:6      | Reached XP level 10. HP: 64/77 MP: 13/13
  6578 | D:6      | Reached skill level 17 in Axes
  6578 | D:6      | Reached skill level 5 in Invocations
  6633 | D:6      | Found a faded altar of an unknown god.
  6633 | D:6      | Found a faded altar of an unknown god.
  6726 | D:6      | Found Usintoess's General Store.
  6730 | D:6      | Found Lunn's Specific Store.
  6878 | D:6      | Found a runed translucent door.
  6879 | D:6      | Noticed VincentAMV's ghost (novice GrFi)
  7465 | D:6      | Killed VincentAMV's ghost
  7701 | D:7      | Found a snail-covered altar of Cheibriados.
  7794 | D:7      | Found Fieq's Neck Hole.
  8336 | D:7      | Found a sacrificial altar of Ru.
  8826 | D:8      | Reached ** piety under Qazlal
  9013 | D:8      | Noticed Grum
  9015 | D:8      | Reached skill level 18 in Axes
  9031 | D:8      | Killed Grum
  9498 | D:8      | Noticed a skeletal warrior
  9597 | D:7      | Slain by a skeletal warrior

Illustrated notes

Levels and vault maps discovered:
D:1:      dpeg_arrival_round_b, layout_loops_corners
D:2:      layout_basic, chequers_serial_rivers_small_b
D:3:      layout_loops_ring, mainiacjoe_overflow_six_doors_small,
          mainiacjoe_overflow_alcove_4, mainiacjoe_overflow_24_doors,
          ebering_ecumenical_altar_sacrificial, minmay_fractal_squares_5,
          uniq_terence
D:4:      minmay_chambers_of_twos, layout_basic, gammafunk_ghost_mausoleum,
          kennysheep_orc_chapel
D:5:      layout_basic, mainiacjoe_overflow_surrounded_room, led_sif_book,
          mainiacjoe_overflow_small_starburst, mainiacjoe_overflow_boulevard,
          minmay_temple_entry_wispy, enter_ossuary_2, uniq_pikel
D:6:      cheibrodos_thug_alley, layout_rooms,
          nicolae_hepliaklqana_ecumenical_no_more, gammafunk_ghost_grave,
          nicolae_specific_store, serial_bayou_pond_d, chequers_jeans,
          lightli_minifort
D:7:      layout_loops_ring, kennysheep_mini_moat,
          nicolae_ru_sacrificial_ziggurat, nicolae_shop_sticking_my_neck_out
D:8:      minmay_the_grid_plus_closed [minmay_the_grid_small_cups,
          minmay_the_grid_minigrid_small_alt, minmay_the_grid_x,
          minmay_the_grid_paths, minmay_the_grid_prize_diamond_cup],
          layout_layer_cave, uniq_grum, uniq_harold
Temple:   minmay_temple_curvy_loop

Skill      XL: |  1  2  3  4  5  6  7  8  9 10 |
---------------+-------------------------------+-----
Axes           | 3 4 5 6 8 9 11 15 16 18 | 18.0
Invocations    | 4 9 |  9.9
Fighting       | |  3.6
Armour         | |  3.2
Shields        | |  3.2

Action                   |  1- 3 |  4- 6 |  7- 9 | 10-12 || total
-------------------------+-------+-------+-------+-------++-------
Melee: War axe           |   101 |   185 |   266 |   181 ||   733
Evoke: Wand              |       |       |     9 |       ||     9
  Use: Scroll            |     5 |     4 |     3 |     7 ||    19
Armor: Scale mail        |    40 |    17 |       |       ||    57
       Chain mail        |       |    95 |    99 |    55 ||   249
Dodge: Dodged            |    50 |    68 |    68 |    58 ||   244
Block: Buckler           |    16 |    36 |    47 |    53 ||   152

Table legend: (Time is in decaauts)
 A = Elapsed time spent in this place.
 B = Non-inter-level travel time spent in this place.
 C = Inter-level travel time spent in this place.
 D = Time resting spent in this place.
 E = Time spent auto-exploring this place.
 F = Levels seen in this place.
 G = Mean time per level.
                   A        B        C        D        E       F      G
               +--------+--------+--------+--------+--------+-----+--------+
         Total |   9555 |   9062 |    493 |    379 |   7067 |  10 |  955.5 |
       Dungeon |   8835 |   8382 |    453 |    369 |   6592 |   8 | 1104.4 |
        Temple |    237 |    197 |     40 |      0 |    192 |   1 |  237.0 |
       Ossuary |    482 |    482 |      0 |     10 |    283 |   1 |  482.0 |
               +--------+--------+--------+--------+--------+-----+--------+

Top non-repeatable levels by time:
     D:1: 1435 daAuts
     D:6: 1408 daAuts
     D:5: 1386 daAuts
     D:4: 1062 daAuts
     D:8: 1027 daAuts
     D:7: 896 daAuts
     D:2: 867 daAuts
     D:3: 751 daAuts
 Ossuary: 482 daAuts
  Temple: 237 daAuts
